 Dungeon Crawl Stone Soup version 0.30-a0-305-g026cb31310 (webtiles) character file.

Game seed: 12209695615755578499

13283 hikkokomori the Geomancer (level 12, -1/115 HPs)
             Began as a Gargoyle Earth Elementalist on Oct 23, 2022.
             Was an Elder of Vehumet.
             Slain by a minotaur
             ... wielding a +1 glaive of venom
              (21 damage)
             ... in a Gauntlet.
             The game lasted 00:37:10 (9183 turns).

hikkokomori the Geomancer (GrEE)                    Turns: 9183, Time: 00:37:11

Health: -1/115     AC: 25    Str: 12    XL:     12   Next: 4%
Magic:  19/19      EV: 20    Int: 18    God:    Vehumet [****..]
Gold:   390        SH:  5    Dex:  8    Spells: 5/20 levels left

rFire   + + +      SeeInvis .    L - +10 flail "Gargoyle's Bane" {protect, Drain Fly rF+++ Dex-2}
rCold   + . .      Faith    .    (no shield)
rNeg    + . .      Spirit   .    p - +2 robe {Will+}
rPois   ∞          Reflect  +    X - +1 hat
rElec   +          Harm     .    k - +2 cloak
rCorr   .          Rampage  .    i - +0 pair of gloves
Will    +....      NoTele   +    K - +0 pair of boots
Stlth   ..........               v - amulet "Votwul" {Reflect rF++ rC+ Regen+ Str-3 SH+5}
HPRegen 1.19/turn                d - +4 ring of evasion
MPRegen 0.16/turn                q - +4 ring of evasion

@: berserking, under a protective aura, flying, hasted, very quick
A: sickness immunity, AC +8, negative energy resistance 1, electricity
resistance, torment resistance 1, petrification resistance
a: Renounce Religion


You were in a Gauntlet.
You worshipped Vehumet.
Vehumet was greatly pleased with you.
You visited 1 branch of the dungeon, and saw 11 of its levels.
You also visited: Sewer and Gauntlet.

You collected 560 gold pieces.
You spent 170 gold pieces at shops.

Inventory:

Hand Weapons
 n - the +8 trident of Ashenzari's Delight {freeze, rPois rN+ Str+4}
   (You took it off an orc on level 7 of the Dungeon)

   It freezes those it strikes, dealing additional cold damage.
   It can also slow down cold-blooded creatures.
   Str:       It affects your strength (+4).
   rPois:     It protects you from poison.
   rN:        It protects you from negative energy.
 C - a +4 flail of holy wrath
 L - the +10 flail "Gargoyle's Bane" (weapon) {protect, Drain Fly rF+++ Dex-2}
   (You bought it in a shop on level 6 of the Dungeon)

   It grants its wielder temporary protection when it strikes (+7 to AC).
   Dex:       It affects your dexterity (-2).
   rF:        It renders you almost immune to fire.
   Fly:       It grants you flight.
   Drain:     It drains your maximum health when unequipped.
Missiles
 u - a boomerang of dispersal
Armour
 i - a +0 pair of gloves (worn)
 k - a +2 cloak (worn)
 p - a +2 robe of willpower (worn)
 A - a +0 leather armour of willpower
 K - a +0 pair of boots (worn)
 M - +0 steam dragon scales
 X - a +1 hat (worn)
Jewellery
 d - a +4 ring of evasion (left hand)
 j - a ring of willpower
 q - a +4 ring of evasion (right hand)
 v - the amulet "Votwul" (around neck) {Reflect rF++ rC+ Regen+ Str-3 SH+5}
   (You acquired it in a sewer)

   [amulet of reflection]

   It reflects blocked missile attacks.
   Str:       It affects your strength (-3).
   rF:        It greatly protects you from fire.
   rC:        It protects you from cold.
   Regen:     It increases your rate of health regeneration.
   SH:        It affects your SH (+5).
 F - a ring of flight
 Q - an amulet of magic regeneration
 U - a ring of fire
 V - an amulet of the acrobat
Wands
 a - a wand of mindburst (5)
 o - a wand of polymorph (7)
 J - a wand of digging (3)
 O - a wand of acid (2)
 T - a wand of roots (10)
Scrolls
 f - 2 scrolls of enchant weapon {unknown}
 g - a scroll of teleportation
 h - 2 scrolls of fear
 r - a scroll of silence
 t - a scroll of enchant armour
 w - a scroll of butterflies
 y - a scroll of amnesia {unknown}
 B - a scroll of immolation
 H - 2 scrolls of blinking {unknown}
 N - 2 scrolls of vulnerability {unknown}
 P - a scroll of noise {unknown}
 R - 2 scrolls of poison {unknown}
 W - a scroll of summoning {unknown}
 Y - a scroll of brand weapon {unknown}
Potions
 b - 2 potions of magic
 e - 4 potions of brilliance
 l - 4 potions of attraction
 m - 5 potions of curing
 s - 3 potions of lignification
 x - 3 potions of heal wounds
 D - 4 potions of ambrosia
 G - 3 potions of mutation
 S - 2 potions of invisibility {unknown}
Miscellaneous
 I - a phial of floods


   Skills:
 - Level 10.0 Fighting
 + Level 8.8 Maces & Flails
 - Level 3.0 Dodging
 - Level 2.1 Stealth
 + Level 4.8 Spellcasting
 + Level 7.3 Conjurations
 - Level 2.0 Transmutations
 + Level 2.8 Fire Magic
 - Level 12.8 Earth Magic


You had 5 spell levels left.
You knew the following spells:

 Your Spells              Type           Power      Damage    Failure   Level
a - Sandblast             Erth           100%       2d20      1%          1
b - Passwall              Tmut/Erth      25%        N/A       1%          2
c - Stone Arrow           Conj/Erth      80%        3d12      1%          3
d - Petrify               Tmut/Erth      31%        N/A       6%          4
e - Fireball              Conj/Fire      11%        3d7       13%         5

Your spell library contained the following spells:

 Spells                   Type           Power      Damage    Failure   Level
 Kiss of Death            Conj/Necr      68%        2d10      1%          1
 Magic Dart               Conj           100%       1d8       1%          1
 Confusing Touch          Hex            4%         N/A       38%         3
 Portal Projectile        Hex/Tloc       8%         N/A       38%         3
 Tukima's Dance           Hex            4%         N/A       38%         3
 Yara's Violent Unravell  Hex/Tmut       3%         3d4       50%         5
 Anguish                  Hex/Necr       2%         N/A       80%         4
 Dispel Undead            Necr           4%         3d7       80%         4
 Passage of Golubria      Tloc           4%         N/A       80%         4
 Blade Hands              Tmut           5%         N/A       86%         5
 Enfeeble                 Hex            2%         N/A       100%        7
 Chain Lightning          Conj/Air       8%         3d11      100%        9
 Fire Storm               Conj/Fire      11%        8d3       100%        9
 Shatter                  Erth           25%        3d21*     100%        9


Dungeon Overview and Level Annotations

Branches:
Dungeon (11/15)            Temple (0/1) D:7            Lair (0/5) D:9
  Sewer (visited)         Gauntlet (1/1)
    Orc: D:9-12

Altars:
Ashenzari
Cheibriados
Dithmenos
Fedhas
Gozag
Hepliaklqana
Kikubaaqudgha
Makhleb
Okawaru
Qazlal
Sif Muna
Vehumet
Wu Jian
Zin
The Shining One

Shops:
D:4 *   D:6 (

Portals:
Trove: D:11 (give +6 fire dragon scales)

Annotations:
D:9 2 transporters Gauntlet 8 transporters, 2 runed translucent doors


Innate Abilities, Weirdness & Mutations

You are immune to sickness and miasma.
Your stone body is resilient. (AC +8)
You are immune to poison.
You resist negative energy. (rN+)
You are resistant to electric shocks. (rElec)
You are resistant to unholy torment.
You are immune to petrification.


Message History

Unknown command.
You closely miss the minotaur.
The minotaur furiously retaliates!
The minotaur headbutts you, but does no damage.
The minotaur is lightly wounded.
The minotaur closely misses you. You block the minotaur's attack.
Unknown command.
You hit the minotaur but do no damage.
The minotaur is lightly wounded.
The minotaur hits you with a +1 glaive of venom!
The minotaur gores you.
Unknown command.
You hit the minotaur but do no damage.
The minotaur is lightly wounded.
Unknown command.
It was a potion of berserk rage.
A red film seems to cover your vision as you go berserk!
You feel yourself moving faster!
You feel mighty!
The minotaur hits you with a +1 glaive of venom!
The minotaur gores you!
* * * LOW HITPOINT WARNING * * *
You are too berserk!
You hit the minotaur.
The minotaur is moderately wounded.
You sock the minotaur!
The minotaur is moderately wounded.
The minotaur hits you with a +1 glaive of venom!!
* * * LOW HITPOINT WARNING * * *
The minotaur gores you but does no damage.
You sock the minotaur!
The minotaur is heavily wounded.
You block the minotaur's attack. x2
You closely miss the minotaur.
The minotaur is heavily wounded.
You bludgeon the minotaur!!
The minotaur is severely wounded.
The minotaur barely misses you. The minotaur completely misses you.
You hit the minotaur but do no damage.
The minotaur is severely wounded.
The minotaur hits you with a +1 glaive of venom!!
You die...

#.♣.♣.©.©.©.©.♣.♣.#
#.................
#####.###.###.#####
###.###.###.#
#............
#.###.###.###
#.###.###.###.#
#.............#
#######@#######
#.H...# ###.### ...
≈∩≈ ≈≈≈≈≈ #####


You could see a minotaur.

Vanquished Creatures
  Gastronok (D:10)
  A catoblepas (Gauntlet)
  3 two-headed ogres
  An orb spider (shapeshifter) (Gauntlet)
  A mana viper (shapeshifter) (Gauntlet)
  An elephant (shapeshifter) (Gauntlet)
  2 gargoyles (Gauntlet)
  A komodo dragon (D:8)
  A kobold demonologist (D:10)
  A hornet (D:8)
  Sigmund (D:2)
  A vampire (D:9)
  2 shadows (Gauntlet)
  4 wyverns
  11 yaks
  5 steam dragons
  2 water moccasins
  2 acid dragons
  4 black bears
  3 orc warriors
  A sky beast (shapeshifter) (Gauntlet)
  2 ice beasts
  2 centaurs
  A phantom (D:5)
  10 bullfrogs (D:8)
  2 necrophages
  4 scorpions
  7 howler monkeys
  A jelly (D:6)
  8 orc priests
  6 hounds
  4 iguanas
  Ijyb (D:3)
  8 orc wizards
  6 gnolls
  11 adders
  2 white imps (D:7)
  An ufetubus (D:4)
  9 worms
  38 orcs
  18 ball pythons
  3 endoplasms
  A giant cockroach (D:3)
  5 goblins
  8 hobgoblins
  12 jackals
  15 kobolds
  A quokka (D:5)
  10 bats
  4 frilled lizards
  15 rats
264 creatures vanquished.

Vanquished Creatures (others)
  26 fungi
  17 plants
43 creatures vanquished.

Grand Total: 307 creatures vanquished

Notes
Turn   | Place    | Note
-------+----------+-------------------------------------------
     0 | D:1      | hikkokomori the Gargoyle Earth Elementalist began the quest
                  | for the Orb.
     0 | D:1      | Reached XP level 1. HP: 10/10 MP: 3/3
   114 | D:1      | Reached skill level 1 in Fighting
   124 | D:1      | Reached skill level 4 in Earth Magic
   124 | D:1      | Reached XP level 2. HP: 14/16 MP: 5/5
   350 | D:1      | Found a faded altar of an unknown god.
   527 | D:1      | Reached XP level 3. HP: 20/21 MP: 6/6
  1105 | D:2      | Learned a level 2 spell: Passwall
  1109 | D:2      | Learned a level 3 spell: Stone Arrow
  1411 | D:2      | Reached XP level 4. HP: 26/27 MP: 3/7
  1785 | D:2      | Reached skill level 5 in Earth Magic
  2092 | D:3      | Noticed Sigmund
  2100 | D:3      | Noticed Ijyb
  2107 | D:2      | Killed Sigmund
  2108 | D:2      | Reached skill level 1 in Maces & Flails
  2108 | D:2      | Reached skill level 6 in Earth Magic
  2108 | D:2      | Reached XP level 5. HP: 28/33 MP: 2/8
  2108 | D:2      | Reached XP level 6. HP: 33/38 MP: 2/9
  2165 | D:3      | Killed Ijyb
  2439 | D:3      | Found a radiant altar of Vehumet.
  2442 | D:3      | Got Vehumet's Spellbook of Combat Magic
  2444 | D:3      | Found an ancient bone altar of Kikubaaqudgha.
  2448 | D:3      | Became a worshipper of Vehumet
  2454 | D:3      | Found a shimmering blue altar of Sif Muna.
  2535 | D:3      | Found a burning altar of Makhleb.
  2813 | D:4      | Found a broken altar of Ashenzari.
  2857 | D:4      | Found a glowing drain.
  2906 | Sewer    | Entered a sewer
  3033 | Sewer    | Reached * piety under Vehumet
  3033 | Sewer    | Offered knowledge of Kiss of Death by Vehumet.
  3180 | Sewer    | Identified a scroll of acquirement
  3180 | Sewer    | Acquired the amulet "Votwul" {Reflect rF++ rC+ Regen+ Str-3
                  | SH+5}
  3447 | D:4      | Reached XP level 7. HP: 44/44 MP: 10/10
  3686 | D:4      | Found Hyf Helu's General Store.
  3717 | D:4      | Reached skill level 5 in Fighting
  3794 | D:4      | Reached skill level 7 in Earth Magic
  3830 | D:4      | Found a stormy altar of Qazlal.
  3920 | D:4      | Found a glowing silver altar of Zin.
  4290 | D:5      | Entered Level 5 of the Dungeon
  4519 | D:5      | Reached XP level 8. HP: 51/51 MP: 9/11
  4522 | D:5      | Reached ** piety under Vehumet
  4522 | D:5      | Offered knowledge of Poisonous Vapours by Vehumet.
  4585 | D:5      | Reached skill level 8 in Earth Magic
  4638 | D:5      | Reached skill level 1 in Conjurations
  4733 | D:5      | You fall into a shaft and drop 1 floor!
  4921 | D:6      | Found Ajadoed's Antique Weapon Shop.
  4937 | D:6      | Bought a slimy flail for 170 gold pieces
  4937 | D:6      | Identified the +10 flail "Gargoyle's Bane" {protect, Drain
                  | Fly rF+++ Dex-2} (You bought it in a shop on level 6 of the
                  | Dungeon)
  4997 | D:6      | Reached skill level 9 in Earth Magic
  5328 | D:7      | Reached XP level 9. HP: 53/57 MP: 9/12
  5376 | D:7      | Offered knowledge of Static Discharge by Vehumet.
  5382 | D:7      | Found an opulent altar of Gozag.
  5391 | D:7      | Found a snail-covered altar of Cheibriados.
  5393 | D:7      | Found an iron altar of Okawaru.
  5397 | D:7      | Found a blossoming altar of Fedhas.
  5399 | D:7      | Found a hazy altar of Hepliaklqana.
  5472 | D:7      | Identified the +8 trident of Ashenzari's Delight {freeze,
                  | rPois rN+ Str+4}
  5555 | D:7      | Found a staircase to the Ecumenical Temple.
  5945 | D:8      | Reached *** piety under Vehumet
  5946 | D:8      | Reached skill level 10 in Earth Magic
  6370 | D:8      | Found an ornate altar of the Wu Jian Council.
  6383 | D:8      | Identified the +9 war axe "Uladgh" {protect, Fragile Fly
                  | Str+3 Dex+6}
  6518 | D:8      | Reached skill level 5 in Maces & Flails
  6608 | D:9      | Noticed a komodo dragon
  6611 | D:9      | Reached XP level 10. HP: 64/65 MP: 3/13
  6828 | D:8      | Learned a level 4 spell: Petrify
  6830 | D:8      | Offered knowledge of Frozen Ramparts by Vehumet.
  6836 | D:8      | Reached skill level 11 in Earth Magic
  7029 | D:9      | Reached skill level 5 in Conjurations
  7062 | D:9      | Noticed a two-headed ogre
  7185 | D:9      | Found a transporter.
  7190 | D:9      | Noticed a kobold demonologist
  7301 | D:9      | Found a staircase to the Lair.
  7356 | D:9      | Killed a two-headed ogre
  7357 | D:9      | Reached skill level 12 in Earth Magic
  7357 | D:9      | Reached XP level 11. HP: 71/71 MP: 7/14
  7509 | D:9      | Found a transporter.
  7509 | D:9      | Noticed an orc sorcerer
  7781 | D:10     | Entered Level 10 of the Dungeon
  7788 | D:10     | Noticed Gastronok
  7808 | D:10     | Killed Gastronok
  7809 | D:10     | Reached skill level 1 in Transmutations
  7866 | D:10     | Found a shadowy altar of Dithmenos.
  7886 | D:10     | Reached **** piety under Vehumet
  7954 | D:10     | Found a glowing golden altar of the Shining One.
  8114 | D:10     | Noticed a two-headed ogre
  8126 | D:10     | Killed a two-headed ogre
  8127 | D:10     | Reached skill level 10 in Fighting
  8157 | D:10     | Offered knowledge of Fireball by Vehumet.
  8492 | D:10     | Noticed a sun demon
  8537 | D:10     | Noticed a two-headed ogre
  8549 | D:10     | Killed a two-headed ogre
  8558 | D:10     | Learned a level 5 spell: Fireball
  8717 | D:11     | Noticed a skeletal warrior
  8717 | D:11     | Noticed a skeletal warrior
  8717 | D:11     | Noticed a skeletal warrior
  8720 | D:11     | Noticed a skeletal warrior
  8720 | D:11     | Noticed a skeletal warrior
  8728 | D:11     | Found a gate leading to a gauntlet.
  8731 | D:11     | Found a portal to a secret trove of treasure.
  8747 | Gauntlet | Entered a Gauntlet
  8747 | Gauntlet | Found a transporter.
  8747 | Gauntlet | Found a runed translucent gate.
  8747 | Gauntlet | Found a runed translucent gate.
  8753 | Gauntlet | Found a runed translucent gate.
  8755 | Gauntlet | Found a transporter.
  8757 | Gauntlet | Found a transporter.
  8768 | Gauntlet | Found a transporter.
  8771 | Gauntlet | Found a transporter.
  8779 | Gauntlet | Found a transporter.
  8800 | Gauntlet | Found a transporter.
  8806 | Gauntlet | Noticed a blizzard demon
  8808 | Gauntlet | Noticed a boulder beetle
  8811 | Gauntlet | Found a transporter.
  8818 | Gauntlet | Noticed a fire crab
  8819 | Gauntlet | a boulder beetle changed into a five-headed hydra
  8819 | Gauntlet | Noticed a five-headed hydra (glowing shapeshifter)
  8824 | Gauntlet | Found a runed translucent door.
  8825 | Gauntlet | Found a transporter.
  8825 | Gauntlet | a tarantella changed into a salamander
  8825 | Gauntlet | Noticed a salamander (shapeshifter)
  8826 | Gauntlet | Found a runed translucent door.
  8829 | Gauntlet | a fire crab changed into a merfolk
  8831 | Gauntlet | a five-headed hydra changed into something unseen
  8832 | Gauntlet | Noticed a bunyip
  8842 | Gauntlet | Noticed a boulder beetle
  8845 | Gauntlet | a boulder beetle changed into a tyrant leech
  8846 | Gauntlet | a tyrant leech changed into a goliath frog
  8846 | Gauntlet | Noticed a goliath frog (glowing shapeshifter)
  8853 | Gauntlet | a goliath frog changed into a satyr
  8853 | Gauntlet | Noticed a satyr (glowing shapeshifter)
  8857 | Gauntlet | a satyr changed into a quicksilver ooze
  8857 | Gauntlet | Noticed a quicksilver ooze (glowing shapeshifter)
  8858 | Gauntlet | Found a transporter.
  8858 | Gauntlet | Found a transporter.
  8858 | Gauntlet | a quicksilver ooze changed into a great orb of eyes
  8858 | Gauntlet | Noticed a great orb of eyes (glowing shapeshifter)
  8860 | Gauntlet | a great orb of eyes changed into a wolf spider
  8860 | Gauntlet | Noticed a wolf spider (glowing shapeshifter)
  8862 | Gauntlet | a salamander changed into a manticore
  8862 | Gauntlet | Noticed a manticore (shapeshifter)
  8864 | Gauntlet | a wolf spider changed into a swamp worm
  8866 | Gauntlet | Noticed a catoblepas
  8867 | Gauntlet | a swamp worm changed into a wolf spider
  8867 | Gauntlet | Noticed a wolf spider (glowing shapeshifter)
  8869 | Gauntlet | a wolf spider changed into an anaconda
  8869 | Gauntlet | Noticed an anaconda (glowing shapeshifter)
  8870 | Gauntlet | Found a transporter.
  8873 | Gauntlet | an anaconda changed into a broodmother
  8873 | Gauntlet | Noticed a broodmother (glowing shapeshifter)
  8874 | Gauntlet | Found a transporter.
  8874 | Gauntlet | a broodmother changed into an ice dragon
  8874 | Gauntlet | Noticed an ice dragon (glowing shapeshifter)
  8877 | Gauntlet | an ice dragon changed into something unseen
  8880 | Gauntlet | Noticed an ice dragon
  8888 | Gauntlet | an ice dragon changed into a jorogumo
  8888 | Gauntlet | Noticed a jorogumo (glowing shapeshifter)
  8900 | Gauntlet | a jorogumo changed into a boulder beetle
  8900 | Gauntlet | Noticed a boulder beetle (glowing shapeshifter)
  8902 | Gauntlet | a boulder beetle changed into something unseen
  8903 | Gauntlet | a manticore changed into a two-headed ogre
  8903 | Gauntlet | Noticed a two-headed ogre (shapeshifter)
  8906 | Gauntlet | Noticed an alligator
  8916 | Gauntlet | a two-headed ogre changed into a deep troll
  8916 | Gauntlet | Noticed a deep troll (shapeshifter)
  8919 | Gauntlet | an alligator changed into a wolf spider
  8919 | Gauntlet | Noticed a wolf spider (glowing shapeshifter)
  8922 | Gauntlet | a wolf spider changed into an ice dragon
  8922 | Gauntlet | Noticed an ice dragon (glowing shapeshifter)
  8930 | Gauntlet | Found a transporter.
  9017 | Gauntlet | Noticed a salamander
  9032 | Gauntlet | Killed a catoblepas
  9033 | Gauntlet | Reached skill level 1 in Fire Magic
  9055 | Gauntlet | a salamander changed into an orb spider
  9055 | Gauntlet | Noticed an orb spider (shapeshifter)
  9073 | Gauntlet | a troll changed into a fire crab
  9073 | Gauntlet | Noticed a fire crab (glowing shapeshifter)
  9076 | Gauntlet | a fire crab changed into a mana viper
  9076 | Gauntlet | Noticed a mana viper (glowing shapeshifter)
  9077 | Gauntlet | Identified the -1 pair of boots of Youthful Indiscretion
                  | {rElec rN+ Str-2 Dex+4}
  9088 | Gauntlet | Killed an orb spider
  9091 | Gauntlet | Killed a mana viper
  9092 | Gauntlet | Reached XP level 12. HP: 69/77 MP: 9/19
  9156 | Gauntlet | Noticed a minotaur
  9183 | Gauntlet | Slain by a minotaur

Illustrated notes

Levels and vault maps discovered:
D:1:      mrwooster_arrival_statue, layout_basic, basic_ecumenical_altar
D:2:      layout_basic, minmay_rat_gold_closets
D:3:      wander_river, layout_loops_cross, grunt_temple_overflow_magic_moments,
          mainiacjoe_overflow_alcove_2, uniq_sigmund, uniq_ijyb
D:4:      layout_basic, kennysheep_mini_moat, ashenzari_altar_1,
          mainiacjoe_overflow_surrounded_room, serial_shops,
          nicolae_take_the_stairs, cheibrodos_sewer_entry_sluice,
          kennysheep_generic_room_13
D:5:      layout_basic
D:6:      nicolae_cairo_tiling, layout_cave_pools, serial_shops,
          nicolae_shop_waterfront
D:7:      layout_gridville, minitemple, minmay_temple_entry_glassed_door
D:8:      layout_gridville, nicolae_wu_jian_glorious_leap
D:9:      gammafunk_wand_slinger, layout_basic, due_lair_maze_entry_diamond
D:10:     layout_roguey, old_standard_altar, kennysheep_little_box,
          minmay_orc_keep, uniq_gastronok
D:11:     layout_basic, enter_trove_1, gauntlet_entry_generic, uniq_erolcha
Gauntlet: minmay_gauntlet_77_tree [minmay_gauntlet_arena_77_run_for_it,
          minmay_gauntlet_arena_77_braids, minmay_gauntlet_arena_77_block_sizes,
          minmay_gauntlet_arena_77_cramped, minmay_gauntlet_arena_77_museum,
          minmay_gauntlet_arena_77_hold_the_fort,
          minmay_gauntlet_arena_77_checkered, gauntlet_exit_watery]

Skill      XL: |  1  2  3  4  5  6  7  8  9 10 11 |
---------------+----------------------------------+-----
Fighting       | 1 2 4 6 7 8 9 10 | 10.0
Earth Magic    | 4 6 7 9 10 12 | 12.8
Maces & Flails | 1 2 3 5 7 8 |  8.8
Conjurations   | 2 4 5 7 |  7.3
Dodging        | 2 3 |  3.0
Transmutations | 2 |  2.0
Spellcasting   | 4 |  4.8
Fire Magic     | 2 |  2.8
Stealth        | |  2.1

Action                   |  1- 3 |  4- 6 |  7- 9 | 10-12 || total
-------------------------+-------+-------+-------+-------++-------
Melee: Dagger            |    86 |       |       |       ||    86
       Flail             |       |   104 |   301 |   346 ||   751
       Punch             |       |     1 |     2 |     6 ||     9
 Cast: Sandblast         |    36 |    68 |    50 |     1 ||   155
       Stone Arrow       |       |       |     3 |     3 ||     6
       Petrify           |       |       |       |     5 ||     5
       Passwall          |       |       |       |     2 ||     2
Evoke: Wand              |       |       |       |     4 ||     4
  Use: Potion            |       |     4 |       |     6 ||    10
       Scroll            |       |     5 |     5 |     9 ||    19
 Stab: Sleeping          |       |    10 |     2 |       ||    12
       Petrified         |       |       |       |    11 ||    11
       Petrifying        |       |       |       |     1 ||     1
Armor: Robe              |    25 |    44 |   122 |   128 ||   319
       Leather armour    |       |       |     1 |       ||     1
Dodge: Dodged            |    97 |   130 |   367 |   407 ||  1001
Block: Other             |       |     2 |    94 |   114 ||   210
       Reflection        |       |       |     4 |     3 ||     7

Table legend: (Time is in decaauts)
 A = Elapsed time spent in this place.
 B = Non-inter-level travel time spent in this place.
 C = Inter-level travel time spent in this place.
 D = Time resting spent in this place.
 E = Time spent auto-exploring this place.
 F = Levels seen in this place.
 G = Mean time per level.
                   A        B        C        D        E       F      G
               +--------+--------+--------+--------+--------+-----+--------+
         Total |   9459 |   9230 |    229 |    530 |   5978 |  13 |  727.6 |
       Dungeon |   8489 |   8260 |    229 |    495 |   5651 |  11 |  771.7 |
         Sewer |    540 |    540 |      0 |      0 |    258 |   1 |  540.0 |
      Gauntlet |    429 |    429 |      0 |     35 |     69 |   1 |  429.0 |
               +--------+--------+--------+--------+--------+-----+--------+

Top non-repeatable levels by time:
     D:8: 1334 daAuts
     D:2: 1105 daAuts
     D:1: 1059 daAuts
     D:4: 1052 daAuts
    D:10: 898 daAuts
     D:9: 725 daAuts
     D:3: 721 daAuts
     D:6: 603 daAuts
   Sewer: 540 daAuts
     D:5: 463 daAuts
     D:7: 457 daAuts
Gauntlet: 429 daAuts
    D:11: 67 daAuts
